 Dungeon Crawl Stone Soup version 0.29.0-5-ge4962eb29e (console) character file.

Game seed: 13045433316085228833

1953 odiv the Destroyer (level 8, -3/54 HPs)
             Began as a Demonspawn Wanderer on Aug 28, 2022.
             Killed by divine providence
             ... invoked by an orc priest
              (14 damage)
             ... on level 6 of the Dungeon.
             The game lasted 00:33:56 (6606 turns).

odiv the Destroyer (Demonspawn Wanderer)            Turns: 6606, Time: 00:33:56

Health: -3/54      AC:  7    Str:  6    XL:     8   Next: 99%
Magic:  15/15      EV: 18    Int: 17    God:
Gold:   367        SH:  0    Dex: 23    Spells: 8/17 levels left

rFire   . . .      SeeInvis .   a - +5 rapier {protect, Str-2 Dex+7}
rCold   + . .      Faith    .   (no shield)
rNeg    . . .      Spirit   .   c - +0 robe
rPois   .          Reflect  .   d - +0 helmet
rElec   .          Harm     .   J - +0 cloak
rCorr   .          Rampage  .   y - +2 pair of gloves
Will    .....                   (no boots)
Stlth   ++........              (no amulet)
HPRegen 0.18/turn               s - +4 ring of evasion
MPRegen 0.14/turn               H - ring of protection from cold

@: no status effects
A: repulsion field 1, ignite blood 1, weakness stinger 1
a: no special abilities


You were on level 6 of the Dungeon.
You visited 1 branch of the dungeon, and saw 6 of its levels.
You also visited: Ossuary.

You collected 367 gold pieces.

Inventory:

Hand Weapons
 a - the +5 rapier "Ohiaruag" (weapon) {protect, Str-2 Dex+7}
   (You found it on level 5 of the Dungeon)

   It grants its wielder temporary protection when it strikes (+7 to AC).
   Str:       It affects your strength (-2).
   Dex:       It affects your dexterity (+7).
 b - a +0 sling
 o - a +0 hand axe
 A - a +2 dagger of pain
 E - a +1 dagger of speed
 M - a +0 trident
Missiles
 h - 14 stones (quivered)
 p - 3 atropa-tipped darts
 u - 4 javelins
 Q - a boomerang of dispersal
Armour
 c - a +0 robe (worn)
 d - a +0 helmet (worn)
 y - a +2 pair of gloves (worn)
 J - a +0 cloak (worn)
Magical Staves
 F - a staff of cold
Jewellery
 s - a +4 ring of evasion (left hand)
 H - a ring of protection from cold (right hand)
Wands
 i - a wand of iceblast (11)
 x - a wand of mindburst (12)
 N - a wand of charming (17)
 O - a wand of polymorph (6)
Scrolls
 j - 2 scrolls of immolation {unknown}
 k - 2 scrolls of noise
 l - 2 scrolls of poison
 q - a scroll of fear
 w - 2 scrolls of amnesia
 B - a scroll of vulnerability {unknown}
 G - a scroll of enchant armour {unknown}
 K - a scroll of acquirement {unknown}
 L - a scroll of enchant weapon {unknown}
 S - a scroll of summoning {unknown}
Potions
 e - a potion of attraction {unknown}
 f - a potion of brilliance
 g - 2 potions of resistance
 m - 2 potions of lignification
 r - 2 potions of heal wounds {unknown}
 t - a potion of curing
 v - a potion of mutation {unknown}
 C - a potion of ambrosia {unknown}
 D - 2 potions of flight {unknown}
 I - a potion of cancellation {unknown}
 P - a potion of berserk rage {unknown}


   Skills:
 - Level 1.0 Fighting
 - Level 1.0 Throwing
 - Level 1.0 Armour
 - Level 1.0 Dodging
 - Level 5.0 Spellcasting
 + Level 9.8 Conjurations
 - Level 4.0 Fire Magic
 - Level 1.0 Ice Magic
 - Level 1.2 Invocations


You had 8 spell levels left.
You knew the following spells:

 Your Spells              Type           Power      Damage    Failure   Level
a - Foxfire               Conj/Fire      100%       2x1d9     1%          1
b - Magic Dart            Conj           100%       1d8       1%          1
c - Mephitic Cloud        Conj/Pois/Air  15%        N/A       11%         3
d - Flame Wave            Conj/Fire      27%        2d9       9%          4

Your spell library contained the following spells:

 Spells                   Type           Power      Damage    Failure   Level
 Freeze                   Ice            28%        1d5       10%         1
 Iskenderun's Mystic Bla  Conj/Tloc      20%        2d6       19%         4
 Call Imp                 Summ           4%         N/A       22%         2
 Frozen Ramparts          Ice            14%        1d3       28%         3
 Passage of Golubria      Tloc           4%         N/A       80%         4
 Silence                  Hex/Air        2%         N/A       98%         5
 Lehudib's Crystal Spear  Conj/Erth      10%        10d4      100%        8


Dungeon Overview and Level Annotations

Branches:
Dungeon (6/15)            Ossuary (visited)
 Temple: D:4-7

Altars:
Dithmenos
Nemelex Xobeh
Ru

Annotations:
D:6 Maggie


Innate Abilities, Weirdness & Mutations

You are surrounded by a mild repulsion field. (EV +2)
Your demonic aura sometimes causes spilled blood to erupt in flames.
You have a small tail.


Message History

You conjure some foxfire!
You hit the orc wizard.
Your weapon exudes an aura of protection.
Your tail-slap misses the orc wizard.
The orc wizard is heavily wounded.
The foxfire hits the orc wizard.
The orc wizard is almost dead.
The foxfire hits the orc wizard.
You kill the orc wizard!
An orc priest comes into view. It is wielding a +0 trident.
The orc priest shouts!
The orc priest mumbles some strange prayers to Beogh against you.
Beogh smites you!
Things that are here:
a +0 dagger; a +0 robe A phantom comes into view.
The orc priest calls down the wrath of Beogh upon you.
Beogh smites you!
The orc priest miscasts a cantrip.
The orc priest invokes the aid of Beogh against you.
Beogh smites you!
* * * LOW HITPOINT WARNING * * *
As you read the scroll of fog, it crumbles to dust.
The scroll dissolves into smoke.
The orc priest invokes the aid of Beogh against you.
Beogh smites you!
* * * LOW HITPOINT WARNING * * *
There is an escape hatch in the floor here.
Okay, then.
You feel better.
The orc priest casts a cantrip, but nothing happens.
The orc priest mumbles some strange prayers to Beogh against you.
Beogh smites you!
* * * LOW HITPOINT WARNING * * *
The phantom attacks as you move away! The phantom hits you.
* * * LOW HITPOINT WARNING * * *
You feel better.
The orc priest mumbles some strange prayers to Beogh against you.
Beogh smites you!
You die...

#.##.....# ##.##..###.#.# #.
####.##.###.#
##...#........###. #.......#
.###.....#.###.......
#.#####.# #........#
#.#.###. ##.# #.# #
#......o.###>#.###. #..# #.#
#.##................#. #..#
#.# #.........#.......####
#..#####.#
####.#..........###
#........# #.@W.........#
#.###.#########.############
#.# #.#####.....# #...
#.###......<...[# #...♣
#.....#####.##### #####...♣
#####.# #.# #..#8@.♣ #.# #.#
#..#...♣ #.#####.######
#..+...♣≈# #............#
#..+...≈≈#


You could see a phantom and an orc priest.

Vanquished Creatures
  A wraith (Ossuary)
  Menkaure (D:6)
  2 ice beasts
  4 ogres
  A phantom (D:5)
  4 scorpions
  2 wights (D:6)
  3 hounds
  2 orc priests
  2 jellies
  A gnoll bouda (D:5)
  7 iguanas
  4 orc wizards
  4 mummies
  4 gnolls
  An adder (D:4)
  A shadow imp (D:5)
  3 ufetubi
  4 worms
  2 dart slugs (D:1)
  18 orcs
  4 endoplasms
  5 giant cockroaches
  A gnoll zombie (Ossuary)
  8 goblins
  8 hobgoblins
  4 quokkas
  10 ball pythons
  3 bats
  A frilled lizard (D:1)
  A goblin zombie (Ossuary)
  2 hobgoblin zombies (Ossuary)
  4 kobolds
  7 kobold zombies
  An orc zombie (D:4)
  8 rats
138 creatures vanquished.

Vanquished Creatures (others)
  355 foxfires
355 creatures vanquished.

Grand Total: 493 creatures vanquished

Notes
Turn   | Place    | Note
-------+----------+-------------------------------------------
     0 | D:1      | odiv the Demonspawn Wanderer began the quest for the Orb.
     0 | D:1      | odiv set off with the following items: a +0 dagger, a
                  | scroll of fear, a +0 robe, a +0 helmet; and the following
                  | spells available to memorise: Foxfire, Freeze, Frozen
                  | Ramparts, Flame Wave, Iskenderun's Mystic Blast.
     0 | D:1      | Reached XP level 1. HP: 15/15 MP: 2/2
     2 | D:1      | Learned a level 1 spell: Foxfire
   256 | D:1      | Gained mutation: Your demonic aura sometimes causes spilled
                  | blood to erupt in flames. [demonic ancestry]
   256 | D:1      | Reached XP level 2. HP: 21/21 MP: 0/5
   941 | D:2      | Reached XP level 3. HP: 26/26 MP: 4/7
  1204 | D:2      | Found a faded altar of an unknown god.
  2295 | D:3      | Reached XP level 4. HP: 32/32 MP: 7/9
  2684 | D:4      | Noticed a scorpion
  2702 | D:4      | Killed a scorpion
  2703 | D:4      | Reached XP level 5. HP: 19/37 MP: 6/12
  2812 | D:4      | Learned a level 1 spell: Magic Dart
  2853 | D:4      | Found a sacrificial altar of Ru.
  2865 | D:4      | Reached skill level 5 in Spellcasting
  3019 | D:4      | Found a sand-covered staircase.
  3030 | Ossuary  | Entered an ossuary
  3030 | Ossuary  | Noticed a wraith
  3030 | Ossuary  | Noticed a wraith
  3030 | Ossuary  | Noticed a wraith
  3087 | Ossuary  | Noticed a wraith
  3142 | Ossuary  | Learned a level 3 spell: Mephitic Cloud
  3147 | Ossuary  | Learned a level 4 spell: Flame Wave
  3323 | Ossuary  | Gained mutation: You have a small tail. [demonic ancestry]
  3323 | Ossuary  | Reached XP level 6. HP: 33/43 MP: 10/13
  3563 | Ossuary  | Killed a wraith
  3564 | Ossuary  | Reached skill level 4 in Conjurations
  4208 | D:4      | Gained mutation: You are surrounded by a mild repulsion
                  | field. (EV +2) [demonic ancestry]
  4208 | D:4      | Reached XP level 7. HP: 46/48 MP: 10/14
  4401 | D:4      | Reached skill level 5 in Conjurations
  4423 | D:5      | Entered Level 5 of the Dungeon
  4478 | D:5      | Identified the +5 rapier "Ohiaruag" {protect, Str-2 Dex+7}
  4797 | D:5      | Found a shadowy altar of Dithmenos.
  5127 | D:5      | Reached skill level 6 in Conjurations
  5138 | D:5      | Reached XP level 8. HP: 54/54 MP: 5/15
  5182 | D:5      | Reached skill level 7 in Conjurations
  5449 | D:5      | Found a sparkling altar of Nemelex Xobeh.
  5626 | D:6      | Reached skill level 8 in Conjurations
  5726 | D:6      | Noticed Maggie
  5791 | D:6      | Noticed Menkaure
  5912 | D:6      | Reached skill level 9 in Conjurations
  6136 | D:6      | Killed Menkaure
  6605 | D:6      | HP: 2/54 [phantom (4)]
  6606 | D:6      | Killed from afar by an orc priest

Illustrated notes

Levels and vault maps discovered:
D:1:      roderic_chinese_lattice_arrival, layout_loops_ring
D:2:      layout_basic, basic_ecumenical_altar
D:3:      wander_river, layout_rooms
D:4:      layout_gridville, lemuel_doored_altar, nicolae_ossuary_entry_giza,
          kennysheep_generic_room_13
D:5:      layout_cave_pods, nicolae_dithmenos_the_darkroom,
          nemelex_dance_club_becter, minmay_quadrilaterals
D:6:      layout_loops_ring, gup_sewer_entry_pipe, kennysheep_donut,
          uniq_edmund, uniq_eustachio, uniq_menkaure, uniq_maggie

Skill      XL: |  1  2  3  4  5  6  7  8 |
---------------+-------------------------+-----
Spellcasting   | 2 3 4 5 |  5.0
Conjurations   | 4 6 9 |  9.8
Fire Magic     | 2 4 |  4.0
Fighting       | |  1.0
Throwing       | |  1.0
Armour         | |  1.0
Dodging        | |  1.0
Ice Magic      | |  1.0
Invocations    | |  1.2

Action                   |  1- 3 |  4- 6 |  7- 9 || total
-------------------------+-------+-------+-------++-------
Melee: Dagger            |    66 |       |       ||    66
       Punch             |     1 |     1 |       ||     2
       Trident           |       |    70 |     9 ||    79
       Tailslap          |       |     2 |    12 ||    14
       Rapier            |       |       |    67 ||    67
 Fire: Sling             |    30 |    32 |     6 ||    68
Throw: Stone             |     6 |       |     5 ||    11
 Cast: Foxfire           |    74 |    69 |    72 ||   215
       Mephitic Cloud    |       |       |     8 ||     8
       Magic Dart        |       |       |    22 ||    22
       Flame Wave        |       |       |     1 ||     1
Evoke: Wand              |     2 |     2 |       ||     4
  Use: Scroll            |     2 |     4 |    10 ||    16
       Potion            |       |     3 |     4 ||     7
 Stab: Confused          |       |       |     5 ||     5
       Sleeping          |       |       |     2 ||     2
Armor: Robe              |    13 |    13 |    15 ||    41
       Skin              |       |    18 |       ||    18
Dodge: Dodged            |    55 |    68 |    68 ||   191
